[Event "FIDE WCCC Open-10 2024"]
[Site "Montesilvano"]
[Date "2024.11.20"]
[Round "6.12"]
[White "Buklaho, Ignacy"]
[Black "Filipovs, Sergejs"]
[Result "1/2-1/2"]
[ECO "C54"]
[WhiteElo "1822"]
[BlackElo "2012"]
[Annotator "NA RC"]
[PlyCount "48"]
[EventDate "2024.11.18"]
[EventType "swiss"]
[EventCountry "ITA"]
[SourceTitle "playchess.com"]
[Source "ChessBase"]
[SourceQuality "1"]
[TimeControl "5400+30"]

1. e4 e5 2. Nf3 Nc6 3. Bc4 Bc5 4. c3 Nf6 5. d3 O-O 6. O-O d5 7. exd5 Nxd5 8. Re1 Bg4 9. h3 Bh5 10. Nbd2 Nb6 11. Bb3 Qxd3 12. Nxe5 Qg3 13. Qxh5 Qxf2+ 14. Kh2 Bd6 15. Ndf3 Nxe5 16. Rxe5 Nd7 17. Bf4 Nxe5 18. Bxe5 Bxe5+ 19. Qxe5 Rae8 20. Bxf7+ Kxf7 21. Qd5+ Kg6 22. Qg5+ Kf7 23. Qd5+ Kg6 24. Qg5+ Kf7 1/2-1/2

[Event "FIDE WCCC Open-10 2024"]
[Site "Montesilvano"]
[Date "2024.11.20"]
[Round "6.45"]
[White "Kaloh, Edvard"]
[Black "DAmato, Raffaele"]
[Result "1/2-1/2"]
[ECO "C01"]
[WhiteElo "1506"]
[BlackElo "1695"]
[Annotator "NA RC"]
[PlyCount "93"]
[EventDate "2024.11.18"]
[EventType "swiss"]
[EventCountry "ITA"]
[SourceTitle "playchess.com"]
[Source "ChessBase"]
[SourceQuality "1"]
[TimeControl "5400+30"]

1. e4 e6 2. d4 d5 3. exd5 exd5 4. Bd3 Nf6 5. Nf3 Be7 6. O-O O-O 7. Nbd2 Bg4 8. Re1 Nc6 9. c3 Re8 10. h3 Bh5 11. g4 Bg6 12. Bxg6 hxg6 13. Ne5 Bd6 14. f4 Bxe5 15. fxe5 Nh7 16. Nf3 f6 17. Qc2 fxe5 18. dxe5 Rf8 19. Kg2 Qe8 20. Qb3 Qf7 21. Qd1 Rae8 22. Rf1 Nxe5 23. Nxe5 Qxf1+ 24. Qxf1 Rxf1 25. Kxf1 Rxe5 26. Bf4 Re7 27. Bg3 c6 28. Kf2 Ng5 29. h4 Ne4+ 30. Kf3 Nxg3 31. Kxg3 Re2 32. Rb1 Kf7 33. Kf3 Rd2 34. Kf4 Re2 35. Kf3 Re4 36. Rf1 Ke7 37. b3 b5 38. Rg1 a5 39. h5 gxh5 40. gxh5 Kf6 41. Rg6+ Kf7 42. Rxc6 b4 43. cxb4 axb4 44. Rc5 Ke6 45. Rc7 Rh4 46. Rxg7 Rxh5 47. Rg4 1/2-1/2

[Event "FIDE WCCC Open-10 2024"]
[Site "Montesilvano"]
[Date "2024.11.20"]
[Round "6.46"]
[White "Shrubok, Herman"]
[Black "Lenkov, Stanislav"]
[Result "1/2-1/2"]
[ECO "B34"]
[WhiteElo "1477"]
[BlackElo "1693"]
[Annotator "NA RC"]
[PlyCount "51"]
[EventDate "2024.11.18"]
[EventType "swiss"]
[EventCountry "ITA"]
[SourceTitle "playchess.com"]
[Source "ChessBase"]
[SourceQuality "1"]
[TimeControl "5400+30"]

1. e4 c5 2. Nf3 Nc6 3. d4 cxd4 4. Nxd4 g6 5. Nc3 Bg7 6. Be3 Nf6 7. Be2 O-O 8. O-O d5 9. exd5 Nxd5 10. Nxd5 Nxd4 11. Bxd4 Qxd5 12. Bxg7 Qxd1 13. Rfxd1 Kxg7 14. c4 Be6 15. b3 a5 16. Bf3 Rab8 17. Kf1 h5 18. Ke2 Kf6 19. h4 Rfc8 20. a4 b6 21. Ke3 Rd8 22. Rxd8 Rxd8 23. Rd1 Rxd1 24. Bxd1 Ke5 25. Bc2 Bf5 26. Bd1 1/2-1/2